 Dungeon Crawl Stone Soup version 0.23-a0-296-ga3b1b28 (webtiles) character file.

22621 Atlas the Thaumaturge (level 12, -14/88 HPs)
             Began as a Mummy Necromancer on Oct 5, 2018.
             Was an Initiate of Gozag.
             Killed from afar by a fire dragon (51 damage)
             ... with a blast of flame
             ... on level 13 of the Dungeon.
             The game lasted 00:34:32 (17822 turns).

Atlas the Thaumaturge (Mummy Necromancer)          Turns: 17822, Time: 00:34:34

Health: -14/88     AC: 15    Str: 13    XL:     12   Next: 64%
Magic:  27/27      EV: 12    Int: 22    God:    Gozag
Gold:   1138       SH:  4    Dex: 13    Spells: 20/34 levels left

rFire    x . .     SeeInvis .   e - +9 spear "Tackiwy" {speed, Fragile MR++}
rCold    + + .     Gourm    .   v - +0 buckler
rNeg     + + +     Faith    .   n - +1 ring mail {rPois}
rPois    ∞         Spirit   .   D - +2 helmet {Int+3}
rElec    .         Reflect  .   (no cloak)
rCorr    .         Harm     .   b - +0 pair of gloves
MR       +++..                  x - +2 pair of boots {Stlth+}
Stlth    +++.......             (no amulet)
HPRegen  0.24/turn              f - ring of protection from cold
MPRegen  0.20/turn              q - +2 ring of strength

@: no status effects
A: no food or potions, fire vulnerability, cold resistance 1, negative energy
resistance 3, torment resistance, unbreathing
a: Potion Petition, Call Merchant, Bribe Branch, Renounce Religion


You were on level 13 of the Dungeon.
You worshipped Gozag.
Gozag was most pleased with you.
You were not hungry.

You visited 2 branches of the dungeon, and saw 14 of its levels.
You also visited: Labyrinth.

You collected 3093 gold pieces.
You spent 217 gold pieces at shops.
You paid 1738 gold pieces to Gozag.

Inventory:

Hand Weapons
 c - the +1 quarterstaff "Ilappuemp" {venom, SInv}
   (You found it on level 5 of the Dungeon)

   It poisons the flesh of those it strikes.
   It lets you see invisible.
 e - the +9 spear "Tackiwy" (weapon) {speed, Fragile MR++}
   (You found it on level 7 of the Dungeon)

   Attacks with this weapon are significantly faster.
   It affects your resistance to hostile enchantments.
   It will be destroyed if unequipped.
 j - a +2 short sword of draining
Armour
 b - a +0 pair of gloves (worn)
 n - a +1 ring mail of poison resistance (worn)
 v - a +0 buckler (worn)
 x - a +2 pair of boots of stealth (worn)
 D - a +2 helmet of intelligence (worn)
Magical Staves
 E - an uncursed staff of poison {unknown}
 F - a cursed staff of earth {unknown}
Jewellery
 f - a ring of protection from cold (left hand)
 i - an uncursed ring of resist corrosion
 q - a +2 ring of strength (right hand)
Wands
 p - a wand of digging (9)
 r - a wand of paralysis (14)
 s - a wand of polymorph (13)
 t - a wand of scattershot (1)
 w - a wand of flame (48)
 y - a wand of random effects (23)
Scrolls
 a - 2 scrolls of fog
 d - a scroll of blinking
 g - 6 scrolls of remove curse
 h - 6 scrolls of amnesia
 k - 2 scrolls of teleportation
 l - 6 scrolls of enchant weapon
 m - a scroll of magic mapping
 o - 5 scrolls of immolation
 u - 3 scrolls of identify
 A - a scroll of vulnerability
 B - a scroll of holy word
 C - a scroll of enchant armour {unknown}


   Skills:
 + Level 6.1 Fighting
 + Level 3.6 Short Blades
   Level 0.9(2.9) Maces & Flails
 + Level 7.1(7.8) Polearms
 + Level 4.5(6.5) Staves
 + Level 6.5 Armour
 + Level 4.5 Dodging
 + Level 5.1 Stealth
 + Level 1.6 Shields
 + Level 11.7 Spellcasting
 + Level 9.5 Necromancy
 + Level 1.5 Evocations


You had 20 spell levels left.
You knew the following spells:

 Your Spells              Type           Power        Failure   Level  Hunger
a - Pain                  Necr           ####         1%          1    N/A
b - Dispel Undead         Necr           ######..     7%          5    N/A
c - Vampiric Draining     Necr           ######....   1%          3    N/A
d - Borgnjor's Vile Clut  Necr/Erth      ####......   45%         5    N/A

Your spell library contained the following spells:

 Spells                   Type           Power        Failure   Level  Hunger
 Animate Skeleton         Necr           N/A          1%          1    N/A
 Animate Dead             Necr           N/A          2%          4    N/A
 Apportation              Tloc           ##....       13%         1    N/A
 Confusing Touch          Hex            ##....       13%         1    N/A
 Corona                   Hex            ##.....      13%         1    N/A
 Flame Tongue             Conj/Fire      ##...        13%         1    N/A
 Freeze                   Ice            ##..         13%         1    N/A
 Infusion                 Chrm           ##..         13%         1    N/A
 Summon Small Mammal      Summ           ##..         13%         1    N/A
 Shroud of Golubria       Chrm/Tloc      ##........   21%         2    N/A
 Slow                     Hex            ##......     21%         2    N/A
 Song of Slaying          Chrm           ##......     21%         2    N/A
 Throw Flame              Conj/Fire      ##....       21%         2    N/A
 Throw Frost              Conj/Ice       ##....       21%         2    N/A
 Conjure Flame            Conj/Fire      ##......     36%         3    N/A
 Inner Flame              Hex/Fire       ##......     36%         3    N/A
 Ozocubu's Armour         Chrm/Ice       ##......     36%         3    N/A
 Portal Projectile        Hex/Tloc       ##....       36%         3    N/A
 Spectral Weapon          Hex/Chrm       ##......     36%         3    N/A
 Death Channel            Necr           ######....   36%         6    N/A
 Cause Fear               Hex            ##........   78%         4    N/A
 Leda's Liquefaction      Hex/Erth       ##........   78%         4    N/A
 Sticky Flame             Conj/Fire      ##......     78%         4    N/A
 Summon Ice Beast         Ice/Summ       ##......     78%         4    N/A
 Throw Icicle             Conj/Ice       ##......     78%         4    N/A
 Fireball                 Conj/Fire      ##........   98%         5    N/A
 Venom Bolt               Conj/Pois      ##........   98%         5    N/A
 Freezing Cloud           Conj/Ice/Air   ##........   100%        6    N/A
 Sublimation of Blood     Necr           Unusable     N/A         2    N/A
 Regeneration             Chrm/Necr      Unusable     N/A         3    N/A
 Statue Form              Tmut/Erth      Unusable     N/A         6    N/A

Dungeon Overview and Level Annotations

Branches:
Dungeon (13/15)            Temple (1/1) D:4            Lair (0/6) D:10
    Orc (0/2) D:11
 Vaults: D:13-14

Altars:
Ashenzari
Cheibriados
Dithmenos
Elyvilon
Fedhas
Gozag
Hepliaklqana
Kikubaaqudgha
Makhleb
Nemelex Xobeh
Okawaru
Qazlal
Ru
Sif Muna
Trog
Uskayaw
Vehumet
Wu Jian
Xom
Yredelemnul
Zin
The Shining One

Shops:
D:5 =}   D:10 [

Annotations:
D:9 3 runed doors, vinnietd's ghost, novice DrCj


Innate Abilities, Weirdness & Mutations

You do not eat or drink.
Your flesh is vulnerable to fire.
You are immune to poison.
Your flesh is cold resistant. (rC+)
You are immune to negative energy. (rN+++)
You are immune to unholy pain and torment.
You can survive without breathing.


Message History

Something barely misses your white ugly thing.
Something tramples your white ugly thing!
Your white ugly thing holds its ground!
Attack whom?
Press: ? - help, Dir - move target cursor, f/p - fire dragon
Aim: a fire dragon (moderately wounded, catching its breath)
You could not reach far enough!
Your crimson imp hits the fire dragon but does no damage.
Your white ugly thing pecks the fire dragon but does no damage.
Attack whom?
Press: ? - help, Dir - move target cursor, f/p - fire dragon
Aim: a fire dragon (moderately wounded)
You could not reach far enough!
The fire dragon breathes flames at you.
The blast of flame hits your crimson imp.
Your crimson imp completely resists.
The blast of flame hits you! The fire burns you terribly!
Ouch! That really hurt!
You die...
Your body crumbles into a pile of gold.

#.###.###..[...###.#.# *,,
*,*#..)..#####$..#.#.# *,,
*,*#.#.#.## #(#.#.#.# ***
*,#..#.#..# #(#...#)#
*,#.##.##.#* #.#*###)#####
***,..#..(#..###.#####.....#
*,,..###(###.#uD.....#..##.#
*,#..#.....#..5#.##.##.....#
*,#.####.####@.#5........###
*,,,#......(#..#....#.).##
*,,#####.#####.######.).#####
**,,#.........#..#.<#....§§§§#
**,,*#.###.###.##....#.#.§#####
*,,**,** ### ##.##.....#..###
**,**,,* #..#.....#....#
,,,**,*********##.##.#....##.#
,,,*,**,,,,,,,,,##.#..#.#....#


You could see a fire dragon, a friendly white ugly thing and a friendly crimson
imp.

Vanquished Creatures
  A minotaur (Lab)
  A centaur warrior (D:13)
  2 two-headed ogres
  A death knight (D:11)
  2 unseen horrors (D:13)
  Pikel (D:6)
  A cyclops (D:13)
  5 manticores
  3 ugly things
  3 orange demons (D:12)
  3 gargoyles
  A freezing wraith (D:13)
  4 trolls
  Prince Ribbit (D:8)
  A hornet (D:13)
  2 hippogriffs
  A shadow (D:13)
  A human (D:7)
  A wyvern (D:10)
  12 yaks
  2 steam dragons
  4 hogs (D:7)
  4 hungry ghosts
  A soldier ant (D:12)
  An acid dragon (D:13)
  2 water moccasins
  Duvessa (D:5)
  6 sky beasts
  3 black bears
  5 eyes of draining
  2 necrophages
  2 ice beasts
  A centaur (D:7)
  6 ogres
  3 orc warriors
  6 phantoms
  2 crocodiles
  4 big kobolds
  3 bullfrogs
  An earth elemental (Lab)
  Dowan (D:5)
  2 wyvern skeletons
  A troll zombie (D:11)
  8 scorpions
  5 killer bees (D:12)
  4 howler monkeys
  4 crimson imps
  A bullfrog zombie (D:10)
  2 hounds
  4 jellies
  11 orc wizards
  4 centaur skeletons
  5 orc priests
  4 bullfrog skeletons
  4 iguanas
  4 worker ants
  5 ogre zombies (D:11)
  2 hound zombies
  A hound skeleton (D:9)
  9 adders
  9 gnolls
  3 worker ant zombies
  A howler monkey skeleton (D:4)
  5 shadow imps
  3 adder skeletons
  An adder zombie (D:5)
  3 worms
  3 dart slugs
  4 leopard geckos
  39 orcs
  2 giant cockroaches
  12 goblins
  7 hobgoblins
  5 jackals
  6 quokkas
  2 ball pythons
  6 bats
  5 frilled lizards
  4 goblin zombies (D:11)
  2 hobgoblin zombies (D:11)
  20 kobolds
  2 orc skeletons (D:11)
  10 orc zombies (D:11)
  A quokka skeleton (D:4)
  6 rats
348 creatures vanquished.

Vanquished Creatures (others)
  A scorpion (D:6)
  An orc wizard (D:6)
  A leopard gecko (D:6)
  2 orcs (D:6)
  An orc zombie (D:11)
6 creatures vanquished.

Grand Total: 354 creatures vanquished

Notes
Turn   | Place    | Note
-------+----------+-------------------------------------------
     0 | D:1      | Atlas the Mummy Necromancer began the quest for the Orb.
     0 | D:1      | Reached XP level 1. HP: 13/13 MP: 4/4
   376 | D:1      | Reached XP level 2. HP: 19/19 MP: 3/5
   518 | D:1      | Reached skill level 3 in Spellcasting
  1018 | D:2      | Reached XP level 3. HP: 24/24 MP: 5/7
  1023 | D:2      | Learned a level 3 spell: Vampiric Draining
  1296 | D:2      | Reached XP level 4. HP: 6/30 MP: 2/9
  1673 | D:2      | Found an ancient bone altar of Kikubaaqudgha.
  1833 | D:3      | Reached skill level 1 in Armour
  1844 | D:3      | Reached skill level 4 in Spellcasting
  1970 | D:3      | Reached XP level 5. HP: 30/36 MP: 11/11
  2269 | D:3      | Reached skill level 1 in Short Blades
  2274 | D:3      | Reached skill level 5 in Necromancy
  2541 | D:3      | Reached skill level 1 in Fighting
  2799 | D:3      | Found an ornate altar of the Wu Jian Council.
  3029 | D:3      | Found a bloodstained altar of Trog.
  3029 | D:3      | Noticed an eye of draining
  3030 | D:3      | Noticed an eye of draining
  3030 | D:3      | Noticed an eye of draining
  3047 | D:3      | Killed an eye of draining
  3047 | D:3      | Reached XP level 6. HP: 43/43 MP: 0/12
  3196 | D:4      | Found a staircase to the Ecumenical Temple.
  3206 | Temple   | Entered the Ecumenical Temple
  3259 | Temple   | Became a worshipper of Gozag Ym Sagoz the Greedy
  3381 | D:4      | Reached XP level 7. HP: 49/49 MP: 13/13
  3758 | D:4      | Found a deep blue altar of Sif Muna.
  4084 | D:4      | Found a white marble altar of Elyvilon.
  4087 | D:4      | Found a hide-covered altar of Uskayaw.
  4091 | D:4      | Found a burning altar of Makhleb.
  4196 | D:5      | Entered Level 5 of the Dungeon
  4273 | D:5      | Found Azemanod's Gadget Shop.
  4285 | D:5      | Reached skill level 5 in Spellcasting
  4490 | D:5      | Found Bumn's Jewellery Shoppe.
  4622 | D:5      | Got an encrusted quarterstaff
  4623 | D:5      | Identified the cursed +1 quarterstaff "Ilappuemp" {venom,
                  | SInv} (You found it on level 5 of the Dungeon)
  4824 | D:5      | Reached XP level 8. HP: 41/56 MP: 15/15
  4955 | D:5      | Noticed Duvessa
  4956 | D:5      | Noticed Dowan
  4993 | D:5      | Killed Duvessa
  4993 | D:5      | Reached skill level 1 in Staves
  5016 | D:5      | Killed Dowan
  5756 | D:6      | Noticed Pikel
  5773 | D:6      | Killed Pikel
  5773 | D:6      | Reached skill level 6 in Spellcasting
  5868 | D:6      | Reached XP level 9. HP: 55/62 MP: 18/18
  6935 | D:7      | Found a transporter.
  7255 | D:7      | Reached skill level 7 in Spellcasting
  7761 | D:7      | Got a polished spear
  7805 | D:7      | Identified the +9 spear "Tackiwy" {speed, Fragile MR++}
                  | (You found it on level 7 of the Dungeon)
  7907 | D:8      | Noticed Prince Ribbit
  7930 | D:8      | Killed Prince Ribbit
  7935 | D:8      | Reached skill level 1 in Polearms
  8021 | D:8      | Noticed a two-headed ogre
  8363 | D:8      | Reached XP level 10. HP: 47/71 MP: 21/21
  8571 | D:8      | Found a sparkling altar of Nemelex Xobeh.
  8581 | D:8      | Reached skill level 8 in Spellcasting
  8994 | D:8      | Killed a two-headed ogre
  9120 | D:9      | Reached skill level 5 in Armour
  9163 | D:9      | Found a runed gate.
  9164 | D:9      | Found a runed gate.
  9166 | D:9      | Found a runed gate.
  9349 | D:9      | Noticed a frost giant
  9352 | D:9      | Found an opulent altar of Gozag.
  9352 | D:9      | Noticed vinnietd's ghost (novice DrCj)
  9741 | D:9      | Reached skill level 1 in Evocations
 10194 | D:10     | Entered Level 10 of the Dungeon
 10571 | D:10     | Found a staircase to the Lair.
 10655 | D:10     | Reached skill level 9 in Spellcasting
 10873 | D:10     | Identified the +4 hunting sling of Equivalence {flame,
                  | rElec Int+4} (You took it off an orc on level 10 of the
                  | Dungeon)
 10997 | D:10     | Reached XP level 11. HP: 64/78 MP: 17/24
 11418 | D:10     | Bought a pair of embroidered boots for 217 gold pieces
 11522 | D:11     | Noticed a death knight
 11705 | D:11     | Reached skill level 5 in Fighting
 11961 | D:11     | Found a staircase to the Orcish Mines.
 12055 | D:11     | Reached skill level 5 in Polearms
 12543 | D:11     | Killed a death knight
 12783 | D:12     | Noticed a purple ugly thing
 13053 | D:12     | Killed a purple ugly thing
 13732 | D:12     | Reached skill level 1 in Shields
 14221 | D:12     | Noticed a brown ugly thing
 14245 | D:12     | Killed a brown ugly thing
 14445 | D:12     | Reached skill level 10 in Spellcasting
 14492 | D:12     | Reached skill level 5 in Stealth
 14592 | D:12     | Identified the +8 falchion "Xoes" {flame, rPois} (You took
                  | it off an orc wizard on level 12 of the Dungeon)
 14614 | D:12     | Reached XP level 12. HP: 28/86 MP: 8/26
 14968 | D:13     | Noticed a centaur warrior
 15027 | D:13     | Killed a centaur warrior
 15106 | D:13     | Found a labyrinth entrance.
 15112 | Lab      | Entered a labyrinth
 15719 | Lab      | HP: 3/87 [earth elemental (31)]
 16219 | Lab      | Noticed a minotaur
 16236 | Lab      | Killed a minotaur
 16467 | Lab      | Identified Sif Muna's Reference Book on Necromancy and
                  | Damage Dealing
 16470 | Lab      | Identified Meesezewk's Incunabulum of the Rocks
 16478 | Lab      | Learned a level 5 spell: Borgnjor's Vile Clutch
 16484 | Lab      | Learned a level 5 spell: Dispel Undead
 16547 | D:13     | Noticed a two-headed ogre
 16629 | D:13     | Reached skill level 11 in Spellcasting
 17167 | D:13     | Killed a two-headed ogre
 17424 | D:13     | Noticed a fire dragon
 17822 | D:13     | Killed from afar by a fire dragon

Vault maps used:
D:1:      shiori_arrival_whats_in_store_for_you, corexii_hall_statues_s,
          minmay_tromino_v2
D:2:      lemuel_upstairs_altar, lemuel_round_altar, serial_forest,
          infiniplex_forest_clump_small, infiniplex_forest_pool,
          infiniplex_forest_zigzag_1, infiniplex_forest_zigzag_1,
          infiniplex_forest_straight_3, infiniplex_forest_lined_2, minmay_cupped
D:3:      lemuel_round_altar, trog_eyes_of_draining, first_ration
D:4:      minmay_opposing_rooms, led_sif_book, grunt_temple_overflow_diamond,
          minmay_temple_entry_trees, serial_corexii_hall,
          corexii_hall_statues_x, corexii_hall_statues_l
D:5:      serial_shops, nicolae_shop_waterfront, nicolae_shop_trees,
          uniq_duvessa
D:6:      uniq_pikel
D:7:      gammafunk_the_bubble, grunt_livestock
D:8:      kennysheep_mini, uniq_prince_ribbit1
D:9:      ebering_ghost_gozag
D:10:     lair_entry_dummy
D:11:     zombieorc1_lemuel, hangedman_decor_lopped
D:12:     minmay_misc_feat_roman, einodemon_barbed_minivault
D:13:     minmay_the_grid_triangle_9x9_recursive_2, lab_entry_generic,
          lemuel_flamethrower_3
Temple:   nicolae_temple_great_sept
Lab:      nicolae_lab_dead_adventurers, labyrinth_skeletal_remains,
          nicolae_lab_lava, nicolae_lab_diamond

Skill      XL: |  1  2  3  4  5  6  7  8  9 10 11 12 |
---------------+-------------------------------------+-----
Spellcasting   | 3 4 5 6 7 9 10 11 | 11.7
Armour         | 1 2 3 4 5 6 |  6.5
Stealth        | 2 3 5 |  5.1
Short Blades   | 1 2 3 |  3.6
Necromancy     | 5 6 7 8 9 |  9.5
Fighting       | 1 2 3 4 5 6 |  6.1
Dodging        | 2 3 4 |  4.5
Staves         | 3 4 |  4.5
Polearms       | 1 4 6 7 |  7.1
Evocations     | 1 |  1.5
Shields        | 1 |  1.6
Maces & Flails | |  0.9

Action                   |  1- 3 |  4- 6 |  7- 9 | 10-12 || total
-------------------------+-------+-------+-------+-------++-------
Melee: Mace              |    67 |       |       |       ||    67
       Short sword       |       |   130 |    79 |       ||   209
       Quarterstaff      |       |       |   216 |       ||   216
       Spear             |       |       |    61 |   938 ||   999
 Cast: Pain              |    45 |     3 |    34 |    15 ||    97
       Vampiric Draining |     1 |     8 |    30 |    94 ||   133
       Dispel Undead     |       |       |       |     3 ||     3
Invok: Potion Petition   |       |       |     1 |     1 ||     2
       Call Merchant     |       |       |       |     1 ||     1
Evoke: Wand              |       |       |       |    23 ||    23
  Use: Scroll            |       |     5 |     8 |     9 ||    22
 Stab: Sleeping          |       |     3 |     2 |    19 ||    24
       Distracted        |       |       |     1 |     8 ||     9
Armor: Ring mail         |    37 |    43 |   147 |   178 ||   405
       Leather armour    |     1 |       |       |       ||     1
Dodge: Dodged            |    51 |    62 |   227 |   224 ||   564
Block: Buckler           |       |       |       |    56 ||    56

Table legend:
 A = Non-vault XP
 B = Vault XP
 C = Vault XP percentage of total XP
 D = Non-vault monster count
 E = Vault monster count
 F = Vault count percentage of total count
                 A         B        C        D         E       F
            +---------+---------+-------+---------+---------+-------
      Total |   19119 |   13198 |  40.8 |     266 |      83 |  23.8
            +---------+---------+-------+---------+---------+-------
        D:1 |      37 |       1 |   2.6 |      23 |       1 |   4.2
        D:2 |      64 |      14 |  17.9 |      18 |       1 |   5.3
        D:3 |     234 |     374 |  61.5 |      31 |       5 |  13.9
        D:4 |      17 |     387 |  95.8 |       3 |      10 |  76.9
        D:5 |     409 |     221 |  35.1 |      19 |       2 |   9.5
        D:6 |     795 |     663 |  45.5 |      21 |       1 |   4.5
        D:7 |     459 |    1066 |  69.9 |      10 |       6 |  37.5
        D:8 |    1666 |     274 |  14.1 |      14 |       1 |   6.7
        D:9 |    1759 |       0 |   0.0 |      12 |       0 |   0.0
       D:10 |    3121 |       0 |   0.0 |      32 |       0 |   0.0
       D:11 |    1963 |     729 |  27.1 |      24 |      27 |  52.9
       D:12 |    4993 |    2742 |  35.4 |      40 |      11 |  21.6
       D:13 |    3602 |    5097 |  58.6 |      19 |      15 |  44.1
        Lab |       0 |    1630 | 100.0 |       0 |       3 | 100.0
            +---------+---------+-------+---------+---------+-------
